Description

Timing attack at 7:10-15 3 Colossi, 18 Stalker, 1 sentry , 5 Zealot, 3 Observer, 64 Probes

VOD

https://www.youtube.com/watch?v=yihnviIhT9g

Build Order

Get SALT Encoding   

  12  0:00  Probe  rally for Pylon
  13  0:12  Probe  rally to scout
  14  0:17  Pylon  place near base or to wall reapers
  14  0:25  Probe  rally for Gate
  15  0:36  Probe (Chrono Boost)  rally for Gas
  16  0:38  Gateway  
  16  0:44  Probe  
  17  0:47  Assimilator  
  17  0:52  Probe  
  18  1:04  Probe  rally to Nat (use for Core, Gas, Pylon)
  19  1:16  Probe  
  20  1:23  Nexus  
  20  1:33  Cybernetics Core  
  20  1:35  Probe  
  21  1:43  Assimilator  
  21  1:46  Probe  
  22  1:51  Pylon  on lowground, use for wall-off if gas first
  22  1:59  Probe  
  23  2:10  Adept (Chrono Boost)  
  25  2:11  Probe  
  26  2:13  Robotics Facility  
  26  2:22  Warp Gate  
  26  2:23  Probe  
  27  2:30  Stalker  
  29  2:35  Probe x2 (Chrono Boost)  chrono both Nexi
  31  2:42  Probe x2  
  33  2:52  Probe x2  
  35  3:00  Probe x2, Sentry, Observer (Chrono Boost)  rally to opponents base
  40  3:07  Gateway x2  Probably Wall
  40  3:12  Probe x2 (Chrono Boost)  chrono Nat / continue Probing
  42  3:20  Pylon  
  42  3:21  Observer  
  47  3:34  Assimilator x2  
  49  3:47  Observer  send for good vision (opposite of 3rd)
  52  4:02  Pylon  at 3rd to scout drops
  54  4:05  Nexus  (if scout sees all in, warp in + immo, grnd armor + charge)
  54  4:10  Robotics Bay  
  56  4:22  Pylon  at 3rd, close to it
  56  4:23  Stalker x3  
  62  4:28  Pylon  
  64  4:41  Twilight Council, Forge  
  66  4:56  Colossus (Chrono Boost)  
  74  5:15  Protoss Ground Weapons Level 1, Extended Thermal Lance  ???? Colossi upgrade
  76  5:16  Gateway  
  77  5:22  Blink (Chrono Boost)  
  77  5:27  Gateway  
  77  5:29  Shield Battery  at 3rd, if 3rd cc spotted, get Gasses at 3rd, no battery
  78  5:35  Zealot  
  80  5:38  Colossus (Chrono Boost)  
  88  5:45  Stalker, Zealot  
  93  5:54  Gateway, Pylon  
  94  6:00  Pylon, Stalker x2  expand army further (stalkers)
  100  6:14  Pylon  
  100  6:25  Colossus (Chrono Boost)  engage when finished (7:14 attack)
  131  7:02  Warp Prism (Chrono Boost)  send behind push
  133  7:10  Protoss Ground Armor Level 1, Assimilator x2  
Spawning Tool Build Advisor. Get it on Overwolf

Go to:

Details

  • Created by: Serit
  • Published on: Jan 26, 2020
  • Modified on: Jan 26, 2020
  • Patch: 4.11.0
Show
View Real Time Build Order
Export as new Build Order

Comments (0)

There are no comments. Be the first!

Create an account to comment!